 Dungeon Crawl Stone Soup version 0.27.1-1-g398f81649c (webtiles) character file.

Game seed: 16646067137093308294

8 Icepheonix32 the Sneak (level 2, -3/19 HPs)
             Began as a Kobold Delver on Sept 17, 2021.
             Slain by an orc (8 damage)
             ... on level 3 of the Dungeon.
             The game lasted 00:01:04 (174 turns).

Icepheonix32 the Sneak (Kobold Delver)               Turns: 174, Time: 00:01:04

Health: -3/19      AC:  6    Str:  9    XL:     2   Next: 15%
Magic:  2/2        EV: 14    Int: 11    God:
Gold:   21         SH:  0    Dex: 16    Spells: 1/1 levels left

rFire    . . .     SeeInvis .   a - +0 short sword
rCold    . . .     Faith    .   (shield restricted)
rNeg     . . .     Spirit   .   b - +0 leather armour
rPois    .         Reflect  .   (no helmet)
rElec    .         Harm     .   (no cloak)
rCorr    .         Rampage  .   j - +2 pair of gloves
Will     .....                  (no boots)
Stlth    ++++......             (no amulet)
HPRegen  0.06/turn              (no ring)
MPRegen  0.08/turn              (no ring)

@: no status effects
A: small, no large weapons, nightstalker 3
a: no special abilities


You were on level 3 of the Dungeon.
You visited 1 branch of the dungeon, and saw 3 of its levels.

You collected 21 gold pieces.

Inventory:

Hand Weapons
 a - a +0 short sword (weapon)
 h - a +0 long sword
Armour
 b - a +0 leather armour (worn)
 j - a +2 pair of gloves (worn)
Wands
 g - a wand of digging (3)
Scrolls
 c - a scroll of fog
 d - a scroll of magic mapping
 e - a scroll of fear
Potions
 f - a potion of haste
 i - a potion of cancellation {unknown}


   Skills:
 - Level 3.2 Fighting
 - Level 2.6 Short Blades
 + Level 2.4 Dodging
 * Level 7.2 Stealth


You had one spell level left.
You didn't know any spells.
Your spell library was empty.

Dungeon Overview and Level Annotations

Branches:
Dungeon (5/15)
 Temple: D:4-7

Altars:

Shops:
D:3 (


Innate Abilities, Weirdness & Mutations

You are small and have problems with some larger weapons.
You are completely attuned to the shadows.


Message History

You are too injured to fight recklessly!
You are too injured to fight recklessly!
You are too injured to fight recklessly!
You are too injured to fight recklessly!
You are too injured to fight recklessly!
You are too injured to fight recklessly!
You are too injured to fight recklessly!
You are too injured to fight recklessly!
You hit the orc.
The orc is moderately wounded.
The orc closely misses you.
You hit the orc.
The orc is almost dead.
The orc hits you with a +0 hand axe.
You closely miss the orc.
The orc is almost dead.
The orc misses you.
You hit the orc.
You kill the orc!
Your Stealth skill increases to level 7!
You have reached level 2!
You barely miss the orc. The orc closely misses you.
You hit the orc.
The orc is heavily wounded.
The orc misses you.
You barely miss the orc.
The orc is heavily wounded.
The orc hits you but does no damage.
You closely miss the orc.
The orc is heavily wounded.
The orc closely misses you.
You hit the orc.
The orc is almost dead.
The orc hits you with a +0 dagger.
* * * LOW HITPOINT WARNING * * *
You hit the orc.
You kill the orc!
You closely miss the orc.
The orc hits you with a +2 falchion of holy wrath!
You die...

...#...... ##
#.....# #.....# .
#....>#
..###.....# .
......≈.≈.#####..
##.#.≈≈.≈≈..o...#
##.#.≈≈∩≈≈##o#
#....≈≈≈≈≈##@#
#..#..≈≈≈###.#
..........###.#
............>.#
###############


You could see 2 orcs.

Vanquished Creatures
  An adder zombie (D:5)
  2 orcs (D:3)
3 creatures vanquished.

Notes
Turn   | Place    | Note
-------+----------+-------------------------------------------
     0 | D:5      | Icepheonix32 the Kobold Delver began the quest for the Orb.
     0 | D:5      | Reached XP level 1. HP: 14/14 MP: 1/1
   102 | D:3      | Found Iptedos's Weapon Shoppe.
   168 | D:3      | Reached skill level 7 in Stealth
   168 | D:3      | Reached XP level 2. HP: 9/19 MP: 2/2
   174 | D:3      | Slain by an orc

Illustrated notes

Levels and vault maps discovered:
D:3:      layout_loops_cross, serial_shops, nicolae_shop_waterfront,
          shop_statue, nicolae_shop_stone, shop, shop,
          minmay_misc_feat_secret_circle, uniq_natasha, uniq_purgy, uniq_robin
D:4:      layout_cave_pools, gammafunk_ghost_nasty_kobolds,
          kennysheep_generic_room_16, uniq_pikel
D:5:      layout_basic, trog_wizard, minmay_fractal_squares_gapless_5

Skill      XL: |  1 |
---------------+----+-----
Stealth        | 7 |  7.2
Fighting       | |  3.2
Short Blades   | |  2.6
Dodging        | |  2.4

Action                   || total
-------------------------++-------
Melee: Short sword       ||    21
 Stab: Sleeping          ||     1
Armor: Leather armour    ||     4
Dodge: Dodged            ||    12
